 Dungeon Crawl Stone Soup version 0.31-a0-188-g5e087ee2ca (webtiles) character file.

Game seed: 14408461139110137031

30 qw the Shooter (level 3, -2/20 HPs)
             Began as a Deep Elf Hunter on June 23, 2023.
             Slain by a gnoll
             ... wielding a +0 flail
              (8 damage)
             ... on level 2 of the Dungeon.
             The game lasted 00:00:18 (903 turns).

qw the Shooter (Deep Elf Hunter)                     Turns: 903, Time: 00:00:19

Health: -2/20      AC:  5    Str: 10    XL:     3   Next: 5%
Magic:  5/5        EV: 12    Int: 13    God:
Gold:   66         SH:  0    Dex: 18    Spells: 2/2 levels left

rFire   . . .        Y - +0 shortbow
rCold   . . .        (shield currently unavailable)
rNeg    . . .        c - +0 leather armour
rPois   .            (no helmet)
rElec   .            (no cloak)
rCorr   .            (no gloves)
SInv    +            e - +1 pair of boots
Will    .....        (no amulet)
Stlth   ++           d - ring of see invisible
HPRegen 0.23/turn    (no ring)
MPRegen 0.09/turn

%: no passive effects
@: no status effects
A: no striking features
a: no special abilities


You were on level 2 of the Dungeon.
You visited 1 branch of the dungeon, and saw 2 of its levels.

You collected 66 gold pieces.


   Skills:
 - Level 1.5 Fighting
 + Level 6.6 Ranged Weapons
 - Level 2.4 Dodging
 - Level 1.2 Stealth


You had 2 spell levels left.
You didn't know any spells.
Your spell library was empty.

Inventory:

Hand Weapons
 Y - a +0 shortbow (weapon)
Armour
 a - a +0 helmet
 c - a +0 leather armour (worn)
 e - a +1 pair of boots (worn)
Jewellery
 d - a ring of see invisible (left hand)
Scrolls
 b - a scroll of vulnerability {unknown}
Potions
 g - a potion of magic {unknown}
 h - a potion of berserk rage {unknown}

Dungeon Overview and Level Annotations

Branches:
Dungeon (2/15)

Altars:


Message History

The jackal barks!
A jackal comes into view.
You shoot an arrow. The arrow closely misses the jackal.
The arrow barely misses the jackal.
The jackal barks!
You shoot an arrow. The arrow barely misses the jackal.
The jackal bites you. The jackal closely misses you. The jackal misses you.
A gnoll comes into view. It is wielding a +0 flail.
You shoot an arrow. The gnoll shouts!
The arrow hits the jackal.
The jackal is lightly wounded.
The jackal bites you but does no damage.
The jackal closely misses you.
The jackal bites you but does no damage.
The jackal bites you. x2; The jackal misses you.
You shoot an arrow. The arrow closely misses the jackal.
The jackal barely misses you. x2; The jackal closely misses you.
You shoot an arrow. The arrow misses the jackal.
The jackal misses you.
The jackal bites you but does no damage.
The jackal barely misses you.
The jackal bites you but does no damage. x3
You shoot an arrow. The arrow hits the jackal!
You kill the jackal!
The jackal closely misses you. The jackal barely misses you.
You shoot an arrow.
The arrow hits the jackal but does no damage.
The jackal closely misses you. The jackal bites you.
The jackal closely misses you. The jackal barely misses you.
You shoot an arrow. The arrow hits the gnoll.
The gnoll is moderately wounded.
The jackal barely misses you.
The jackal bites you but does no damage.
The gnoll hits you with a +0 flail. The jackal bites you.
The jackal bites you but does no damage.
You shoot an arrow. The arrow barely misses the gnoll.
The jackal bites you but does no damage.
The jackal barely misses you. The gnoll hits you with a +0 flail!
You die...

...... ##.... ..
..... ### .###....
..# ##.##....#+# #.#
.#.##.#..#.# #.#
.#.##.##.#.#####h##
##.##..........h@.#
.#.####.........g.#
....# #........)..#
#...###...........#
..................#
#..%%.............#
#...#.<...........#
###.###.......(.....
..................


You could see a gnoll and 2 jackals.

Vanquished Creatures
  2 endoplasms (D:1)
  A giant cockroach (D:2)
  2 goblins
  5 hobgoblins
  4 jackals
  A quokka (D:1)
  3 ball pythons (D:1)
  4 bats (D:1)
  A frilled lizard (D:1)
  2 kobolds (D:1)
  A rat (D:2)
26 creatures vanquished.

Notes
Turn   | Place    | Note
-------+----------+-------------------------------------------
     0 | D:1      | qw the Deep Elf Hunter began the quest for the Orb.
     0 | D:1      | Reached XP level 1. HP: 12/12 MP: 3/3
     0 | D:1      | 0 ||| qw: Version: 0.3-a-9-g12657ce
     0 | D:1      | 0 ||| qw: Game counter: 4167
     0 | D:1      | 0 ||| qw: Always use a shield: true
     0 | D:1      | 0 ||| qw: God list: Okawaru
     0 | D:1      | 0 ||| qw: Allow faded altars: false
     0 | D:1      | 0 ||| qw: Do Orc after D:15 true
     0 | D:1      | 0 ||| qw: Do second Lair branch before Depths: true
     0 | D:1      | 0 ||| qw: Lair rune preference: random
     0 | D:1      | 0 ||| qw: Plans: Normal
     0 | D:1      | 0 ||| PLANNING D:1-11
   173 | D:1      | Reached skill level 6 in Ranged Weapons
   173 | D:1      | Reached XP level 2. HP: 12/16 MP: 4/4
   806 | D:1      | 806 ||| UPGRADING to +1 pair of boots.
   811 | D:1      | 811 ||| UPGRADING to ring of see invisible.
   812 | D:1      | 812 ||| READING scroll labelled ISYKECLU GOGAG.
   813 | D:1      | 813 ||| DROPPING scroll of butterflies.
   885 | D:2      | Reached XP level 3. HP: 20/20 MP: 5/5
   903 | D:2      | Slain by a gnoll

Levels and vault maps discovered:
D:1:      sevenhm_arrival_forest_fort_small_6, layout_loops_corners
D:2:      layout_basic

Skill      XL: |  1 |
---------------+----+-----
Ranged Weapons | 6 |  6.6
Fighting       | |  1.5
Dodging        | |  2.4
Stealth        | |  1.2

Action                     || total
---------------------------++-------
   Fire: Shortbow          ||    79
    Use: Scroll            ||     1
 Armour: Leather armour    ||    23
  Dodge: Dodged            ||    46

Table legend:
 A = Non-vault XP
 B = Vault XP
 C = Vault XP percentage of total XP
 D = Non-vault monster count
 E = Vault monster count
 F = Vault count percentage of total count
                 A         B        C        D         E       F
            +---------+---------+-------+---------+---------+-------
      Total |      44 |       0 |   0.0 |      26 |       0 |   0.0
            +---------+---------+-------+---------+---------+-------
        D:1 |      33 |       0 |   0.0 |      20 |       0 |   0.0
        D:2 |      11 |       0 |   0.0 |       6 |       0 |   0.0
            +---------+---------+-------+---------+---------+-------
